 Dungeon Crawl Stone Soup version 0.30-a0-743-gbfdf073431 (webtiles) character file.

Game seed: 5081991349974488801

531 sanka the Grappler (level 7, 0/66 HPs)
             Began as a Troll Monk on Feb 7, 2023.
             Succumbed to a killer bee's poison
             ... on level 6 of the Dungeon.
             The game lasted 00:03:41 (2179 turns).

sanka the Grappler (Troll Monk)                     Turns: 2179, Time: 00:03:41

Health: 0/66       AC:  8    Str: 22    XL:     7   Next: 3%
Magic:  6/6        EV: 10    Int:  6    God:
Gold:   208        SH:  0    Dex: 12    Spells: 6/6 levels left

rFire   . . .      SeeInvis .      - Unarmed
rCold   . . .      Faith    .    (no shield)
rNeg    + . .      Spirit   .    a - +0 robe
rPois   .          Reflect  .    (helmet restricted)
rElec   .          Harm     .    (no cloak)
rCorr   .          Rampage  .    (gloves unavailable)
Will    .....                    (boots unavailable)
Stlth   ++                       (no amulet)
HPRegen 1.11/turn                m - +4 ring of protection
MPRegen 0.10/turn                h - ring of positive energy

@: lethally poisoned (0 -> -3)
A: large, unfitting armour, claws 3, regeneration 1, shaggy fur 1, tough skin 1
a: no special abilities


You were on level 6 of the Dungeon.
You visited 1 branch of the dungeon, and saw 6 of its levels.

You collected 208 gold pieces.


Innate Abilities, Weirdness & Mutations

You are too large for most types of armour.
You have claws for hands.
Your natural rate of healing is unusually fast.
You are covered in fur. (AC +1)
You have tough skin. (AC +1)


   Skills:
 - Level 2.4 Fighting
 - Level 2.4 Dodging
 - Level 1.0 Stealth
 + Level 8.1 Unarmed Combat


You had 6 spell levels left.
You didn't know any spells.
Your spell library contained the following spells:

 Spells                   Type           Power      Damage    Failure   Level
 Foxfire                  Conj/Fire      0%         2x1d4     45%         1
 Fireball                 Conj/Fire      0%         3d3       100%        5
 Starburst                Conj/Fire      0%         6d3       100%        6

Inventory:

Armour
 a - a +0 robe (worn)
Jewellery
 d - a ring of fire
 h - a ring of positive energy (right claw)
 m - a +4 ring of protection (left claw)
Wands
 p - a wand of flame (23)
Scrolls
 c - 3 scrolls of immolation {unknown}
 f - 4 scrolls of enchant weapon {unknown}
 g - 2 scrolls of vulnerability {unknown}
 i - 2 scrolls of fear {unknown}
 j - a scroll of fog {unknown}
 k - 2 scrolls of identify {unknown}
 l - a scroll of amnesia {unknown}
 r - 3 scrolls of poison {unknown}
Potions
 b - a potion of ambrosia
 e - a potion of brilliance {unknown}
 n - 2 potions of heal wounds {unknown}
 o - a potion of cancellation {unknown}
 q - 2 potions of lignification {unknown}

Dungeon Overview and Level Annotations

Branches:
Dungeon (7/15)
 Temple: D:4-7

Altars:
Hepliaklqana

.▒ ▒▒.▒ ▒..
▒.▒ ▒▒.▒▒
▒▒▒.▒.▒▒
▒..▒▒▒.▒
▒.▒.▒..▒
▒T▒▒.▒........
▒y▒▒.▒▒▒▒▒▒▒..
..▒▒.▒ ▒▒▒▒▒.▒
▒.▒ ▒▒▒.▒
▒...▒ ▒.▒▒▒
▒.▒


You could see a killer bee.


Message History

You feel sick. The killer bee stings you.
* * * LOW HITPOINT WARNING * * *
You are more poisoned.
The killer bee poisons you!
The killer bee stings you but does no damage.
You barely miss the killer bee.
The killer bee is severely wounded.
You feel sick.
The killer bee stings you but does no damage.
The killer bee stings you.
* * * LOW HITPOINT WARNING * * *
You are lethally poisoned!
The killer bee poisons you!
You miss the killer bee.
The killer bee is severely wounded.
* * * LOW HITPOINT WARNING * * *
You feel very sick. The killer bee barely misses you.
The killer bee stings you but does no damage.
Unknown command.
You closely miss the killer bee.
The killer bee is severely wounded.
* * * LOW HITPOINT WARNING * * *
You feel very sick. The killer bee closely misses you.
Unknown command.
You barely miss the killer bee.
The killer bee is severely wounded.
You die...

Action                     |  1- 3 |  4- 6 |  7- 9 || total
---------------------------+-------+-------+-------++-------
  Melee: Unarmed           |   111 |   103 |    10 ||   224
         Punch             |     2 |       |       ||     2
    Use: Potion            |       |       |     1 ||     1
   Stab: Sleeping          |     5 |     1 |       ||     6
         Distracted        |       |     1 |       ||     1
 Armour: Robe              |    29 |    41 |     4 ||    74
  Dodge: Dodged            |    53 |    45 |    11 ||   109

Levels and vault maps discovered:
D:1:      lightli_arrival_noodles, layout_rooms, chequers_jeans
D:2:      layout_loops_ring, guppyfry_early_orc_mine
D:3:      layout_loops_cross, chequers_ecumenical_altar_simple_redux, uniq_robin
D:4:      layout_rooms, mainiacjoe_overflow_chevrons,
          gammafunk_temple_overflow_elements
D:6:      layout_loops_ring, fedhas_altar_4, uniq_prince_ribbit1
D:7:      layout_gridville, serial_shops,
          nicolae_shop_temple_entry_statues_fountains, shop, shop_fountains,
          shop, shop, kennysheep_donut

Notes
Turn   | Place    | Note
-------+----------+-------------------------------------------
     0 | D:1      | sanka the Troll Monk began the quest for the Orb.
     0 | D:1      | Reached XP level 1. HP: 22/22 MP: 0/0
   164 | D:1      | Reached XP level 2. HP: 29/29 MP: 1/1
   348 | D:1      | Reached skill level 4 in Unarmed Combat
   518 | D:2      | Reached XP level 3. HP: 27/36 MP: 2/2
  1306 | D:3      | Reached XP level 4. HP: 43/44 MP: 3/3
  1307 | D:3      | Reached skill level 5 in Unarmed Combat
  1327 | D:3      | Found a faded altar of an unknown god.
  1829 | D:3      | Noticed Robin
  1837 | D:3      | Killed Robin
  1903 | D:4      | Reached XP level 5. HP: 46/50 MP: 4/4
  1908 | D:4      | Reached skill level 6 in Unarmed Combat
  1973 | D:4      | Found a hazy altar of Hepliaklqana.
  2093 | D:7      | Reached XP level 6. HP: 55/59 MP: 5/5
  2114 | D:6      | Reached skill level 7 in Unarmed Combat
  2165 | D:6      | Reached skill level 8 in Unarmed Combat
  2165 | D:6      | Reached XP level 7. HP: 13/66 MP: 6/6
  2167 | D:6      | HP: 6/66 [poisoned by a killer bee]
  2168 | D:6      | HP: 2/66 [killer bee (1)]
  2176 | D:6      | HP: 5/66 [killer bee (2)]
  2178 | D:6      | HP: 1/66 [poisoned by a killer bee]
  2179 | D:6      | Succumbed to a killer bee's poison

Vanquished Creatures
  A scorpion (D:7)
  5 killer bees (D:6)
  A jelly (D:6)
  An orc priest (D:4)
  3 iguanas
  Robin (D:3)
  An adder (D:4)
  A worm (D:3)
  A dart slug (D:1)
  9 orcs
  6 endoplasms
  16 goblins
  14 hobgoblins
  2 quokkas
  6 ball pythons
  5 bats
  5 frilled lizards
  3 kobolds
  3 rats
84 creatures vanquished.
